General information
- name: BNet
- type: Ladder team game (AT/RT)
- host: Battle.net
- saver: Ze.Rath3isaFaig
map: GoldRush
- players: 8
- length: 07:03
- speed: Fast
- version: 1.23 W3XP
- replay type: Public
» download(44 KB)
Players
team 1 (loser)
Ze.Rath3isaFaig (
blue | 57 APM | 403 actions | 07:03)
1 Priestess of the Moon
1 Trueshot Aura
» actions
| Assign group hotkey | 4 | |
| Basic commands | 76 | |
| Build / train | 19 | |
| Enter build submenu | 8 | |
| Enter hero's abilities submenu | 2 | |
| Right click | 111 | |
| Select / deselect | 127 | |
| Select group hotkey | 46 | |
| Use ability | 10 | |
403 total
» units
» buildings
| Altar of Elders | 1 | |
| Moon Well | 3 | |
| Hunter's Hall | 1 | |
| Ancient of War | 2 | |
| Tree of Ages | 2 | |
9 total
» build order
00:07 Altar of Elders
00:21 Moon Well
02:01 Hunter's Hall
02:06 Ancient of War
02:11 Ancient of War
02:28 Moon Well
04:19 Tree of Ages
04:19 Tree of Ages
05:10 Moon Well

»
kittenman (
pink | 47 APM | 330 actions | 07:03)
2 Dreadlord
1 Sleep
1 Vampiric Aura
» actions
| Assign group hotkey | 8 | |
| Basic commands | 26 | |
| Build / train | 21 | |
| Enter build submenu | 9 | |
| Enter hero's abilities submenu | 2 | |
| Right click | 111 | |
| Select / deselect | 93 | |
| Select group hotkey | 39 | |
| Use ability | 21 | |
330 total
» units
» buildings
| Altar of Darkness | 1 | |
| Ziggurat | 2 | |
| Crypt | 1 | |
| Tomb of Relics | 1 | |
| Graveyard | 1 | |
| Nerubian Tower | 1 | |
| Spirit Tower | 1 | |
8 total
» build order
00:15 Altar of Darkness
00:17 Ziggurat
00:41 Crypt
01:10 Tomb of Relics
01:15 Graveyard
01:29 Nerubian Tower
02:16 Ziggurat
05:17 Spirit Tower
» items

»
GuessWhosBack (
green | 16 APM | 111 actions | 07:03)
» actions
| Build / train | 7 | |
| Enter build submenu | 11 | |
| Right click | 32 | |
| Select / deselect | 50 | |
| Use ability | 11 | |
111 total
» units
» buildings
| Orc Burrow | 2 | |
| War Mill | 1 | |
| Stronghold | 1 | |
| Altar of Storms | 1 | |
| Beastiary | 3 | |
8 total
» build order
00:14 Orc Burrow
00:23 War Mill
01:40 Stronghold
02:06 Orc Burrow
02:35 Altar of Storms
04:22 Beastiary
04:27 Beastiary
04:53 Beastiary
kain_dragoon (
teal | 56 APM | 392 actions | 07:03)
1 Death Knight
1 Death Coil
» actions
| Build / train | 21 | |
| Enter build submenu | 13 | |
| Enter hero's abilities submenu | 1 | |
| Remove unit from queue | 1 | |
| Right click | 197 | |
| Select / deselect | 142 | |
| Use ability | 17 | |
392 total
» units
| Acolyte | 4 | |
| Ghoul | 7 | |
| Crypt Fiend | 2 | |
| Gargoyle | 2 | |
15 total
» buildings
| Altar of Darkness | 1 | |
| Ziggurat | 4 | |
| Crypt | 4 | |
| Graveyard | 1 | |
| Halls of the Dead | 1 | |
| Spirit Tower | 2 | |
13 total
» build order
00:10 Altar of Darkness
00:20 Ziggurat
00:27 Crypt
01:08 Ziggurat
01:30 Ziggurat
01:59 Graveyard
03:29 Halls of the Dead
03:50 Crypt
04:15 Crypt
05:18 Ziggurat
05:23 Crypt
06:03 Spirit Tower
06:04 Spirit Tower
team 2 (winner)

»
teapotlid (
yellow | 89 APM | 632 actions | 07:03)
2 Archmage
1 Summon Water Elemental
1 Brilliance Aura
» actions
| Assign group hotkey | 7 | |
| Basic commands | 8 | |
| Build / train | 27 | |
| Enter build submenu | 9 | |
| Enter hero's abilities submenu | 2 | |
| Right click | 168 | |
| Select / deselect | 103 | |
| Select group hotkey | 292 | |
| Use ability | 16 | |
632 total
» units
» upgrades
» buildings
| Altar of Kings | 1 | |
| Farm | 5 | |
| Barracks | 1 | |
| Lumber Mill | 1 | |
| Arcane Vault | 1 | |
| Keep | 1 | |
10 total
» build order
00:05 Altar of Kings
00:06 Farm
00:11 Barracks
01:02 Farm
01:40 Farm
02:46 Farm
02:54 Lumber Mill
03:14 Farm
04:22 Arcane Vault
05:08 Keep
» items

»
gglhkk (
orange | 61 APM | 431 actions | 07:03)
1 Keeper of the Grove
1 Entangling Roots
1 Priestess of the Moon
1 Trueshot Aura
» actions
| Assign group hotkey | 9 | |
| Build / train | 27 | |
| Enter build submenu | 9 | |
| Enter hero's abilities submenu | 2 | |
| Right click | 168 | |
| Select / deselect | 48 | |
| Select group hotkey | 153 | |
| Use ability | 15 | |
431 total
» units
» buildings
| Altar of Elders | 1 | |
| Moon Well | 3 | |
| Ancient of War | 2 | |
| Ancient of Wonders | 1 | |
| Tree of Ages | 1 | |
| Hunter's Hall | 1 | |
| Tree of Eternity | 1 | |
| Ancient of Wind | 1 | |
11 total
» build order
00:19 Altar of Elders
00:29 Moon Well
01:06 Ancient of War
01:39 Moon Well
01:59 Ancient of War
02:18 Ancient of Wonders
02:56 Moon Well
03:30 Tree of Ages
05:12 Hunter's Hall
06:23 Tree of Eternity
06:46 Ancient of Wind

»
TheGayHobbit (
purple | 31 APM | 216 actions | 07:03)
3 Crypt Lord
2 Carrion Beetles
1 Spiked Carapace
» actions
| Basic commands | 3 | |
| Build / train | 24 | |
| Enter build submenu | 9 | |
| Enter hero's abilities submenu | 3 | |
| Right click | 65 | |
| Select / deselect | 93 | |
| Use ability | 19 | |
216 total
» units
» upgrades
| Unholy Armor | 1 | |
| Unholy Strength | 1 | |
2 total
» buildings
| Crypt | 1 | |
| Graveyard | 1 | |
| Ziggurat | 5 | |
| Altar of Darkness | 1 | |
| Tomb of Relics | 1 | |
| Spirit Tower | 2 | |
| Nerubian Tower | 1 | |
| Halls of the Dead | 1 | |
13 total
» build order
00:07 Crypt
00:09 Graveyard
00:37 Ziggurat
01:03 Altar of Darkness
01:30 Ziggurat
01:58 Tomb of Relics
04:22 Ziggurat
04:23 Ziggurat
04:47 Ziggurat
05:15 Spirit Tower
05:18 Nerubian Tower
05:40 Spirit Tower
06:17 Halls of the Dead
» items
oWntpWnt (
red | 45 APM | 318 actions | 07:03)
1 Blademaster
1 Wind Walk
» actions
| Assign group hotkey | 6 | |
| Basic commands | 3 | |
| Build / train | 17 | |
| Enter build submenu | 11 | |
| Enter hero's abilities submenu | 1 | |
| Right click | 110 | |
| Select / deselect | 69 | |
| Select group hotkey | 88 | |
| Use ability | 13 | |
318 total
» units
» upgrades
| Pillage | 1 | |
| Berserker Strength | 1 | |
2 total
» buildings
| Altar of Storms | 1 | |
| Orc Burrow | 4 | |
| Barracks | 1 | |
| Stronghold | 1 | |
| Voodoo Lounge | 1 | |
| War Mill | 1 | |
| Beastiary | 2 | |
11 total
» build order
00:15 Altar of Storms
00:19 Orc Burrow
00:48 Barracks
01:44 Orc Burrow
02:45 Orc Burrow
04:22 Stronghold
05:19 Voodoo Lounge
05:23 War Mill
06:07 Orc Burrow
06:52 Beastiary
06:56 Beastiary
Chat log
(00:09 / Allies) GuessWhosBack: air
(00:12 / Allies) kain_dragoon: gargs
(00:21 / Allies) kain_dragoon: ?
(00:28 / Allies) kain_dragoon: ho ya
(00:39 / Allies) Ze.Rath3isaFaig: yeah I'm ne
(00:48 / Allies) kain_dragoon: i gorgot ne do that
(00:52 / Allies) kain_dragoon: meh forgot
(00:53 / Allies) kittenman: fiend stats
(01:39 / Allies) kain_dragoon: how did a level 36 get mix here lol
(03:06 / Allies) Ze.Rath3isaFaig: rofl
(03:09 / Allies) kittenman: wtf
(03:16 / Allies) kittenman: why?
(03:19 / Allies) Ze.Rath3isaFaig: lmao.....
(03:22 / Allies) kain_dragoon: he uperteched
(03:34 / Allies) kittenman: coming
(04:47 / Allies) kain_dragoon: the hell
(05:18 / Allies) Ze.Rath3isaFaig: tp back in when you can poink
(06:01 / Allies) Ze.Rath3isaFaig: well green
(06:03 / Allies) Ze.Rath3isaFaig: you learn your lesson?
(06:08 / Allies) GuessWhosBack: no
(06:15 / Allies) Ze.Rath3isaFaig: good job
(06:22 / Allies) kittenman: wtf is wrong with green
(06:37 / Allies) kittenman: ruin the game
(06:54 / All) Ze.Rath3isaFaig: funniest game I've seen in a long, long time
(06:59 / All) Ze.Rath3isaFaig: thank you everyone for the laugh
(07:00 / All) TheGayHobbit: ?